 Dungeon Crawl Stone Soup version 0.27-b1-2-g8387495791 (webtiles) character file.

Game seed: 1617616739087394975

137 pikapanic the Shield-Bearer (level 5, 0/49 HPs)
             Began as a Deep Dwarf Fighter on July 26, 2021.
             Slain by an orc (6 damage)
             ... on level 3 of the Dungeon.
             The game lasted 00:09:26 (1783 turns).

pikapanic the Shield-Bearer (Deep Dwarf Fighter)    Turns: 1783, Time: 00:09:30

Health: 0/49       AC: 12    Str: 21    XL:     5   Next: 0%
Magic:  4/4        EV:  8    Int:  8    God:
Gold:   74         SH:  9    Dex: 12    Spells: 4/4 levels left

rFire    . . .     SeeInvis .   a - +0 war axe
rCold    . . .     Faith    .   c - +0 kite shield
rNeg     . . .     Spirit   .   b - +0 scale mail
rPois    .         Reflect  .   (no helmet)
rElec    .         Harm     .   (no cloak)
rCorr    .         Rampage  .   (no gloves)
Will     +....                  o - +0 pair of boots
Stlth    ..........             (no amulet)
HPRegen  0.00/turn              g - ring of willpower
MPRegen  0.09/turn              h - +4 ring of protection

@: no status effects
A: damage resistance, heal wounds, sense surroundings 1, no regeneration
a: Heal Wounds


You were on level 3 of the Dungeon.
You visited 1 branch of the dungeon, and saw 3 of its levels.

You collected 74 gold pieces.

Inventory:

Hand Weapons
 a - a +0 war axe (weapon)
 p - a +1 antimagic flail
Missiles
 q - 4 boomerangs
Armour
 b - a +0 scale mail (worn)
 c - a +0 kite shield (worn)
 n - a +0 robe
 o - a +0 pair of boots (worn)
Jewellery
 g - a ring of willpower (left hand)
 h - a +4 ring of protection (right hand)
Scrolls
 f - 4 scrolls of teleportation
 k - a scroll of magic mapping {unknown}
 l - a scroll of holy word {unknown}
Potions
 d - 2 potions of might
 e - a potion of heal wounds
 i - 3 potions of invisibility
 j - a potion of magic {unknown}
 m - 2 potions of curing {unknown}
 r - a potion of brilliance {unknown}
 s - a potion of mutation {unknown}


   Skills:
 + Level 3.1 Fighting
 + Level 3.7 Axes
 + Level 3.8 Armour
 + Level 1.1 Dodging
 + Level 0.6 Stealth
 + Level 4.3 Shields


You had 4 spell levels left.
You didn't know any spells.
Your spell library was empty.

Dungeon Overview and Level Annotations

Branches:
Dungeon (3/15)

Altars:


Innate Abilities, Weirdness & Mutations

You are resistant to damage.
You can heal yourself by infusing magical energy.
You passively map a small area around you.
You do not regenerate.


Message History

The orc hits you with a +0 short sword.
You barely miss the orc.
The orc is severely wounded.
The orc completely misses you. The orc hits you but does no damage.
You barely miss the orc.
The orc is severely wounded.
The orc hits you but does no damage.
You hit the orc.
The orc is almost dead.
The orc hits you but does no damage. x2
You closely miss the orc.
The orc is almost dead.
You block the orc's attack.
You slash the orc!
You kill the orc!
You have reached level 5!
q - 4 boomerangs (gained 2)
Items here: ))) [[ ††.
Things that are here:
a +0 falchion; a +0 ring mail
s - a viscous white potion An orc comes into view.
It is wielding a +2 short sword of electrocution.
The orc shouts!
The orc moves out of view.
Found 13 gold pieces.
The orc barely misses you.
You closely miss the orc. The orc barely misses you.
Your shield and scale mail prevent you from hitting the orc.
The orc closely misses you.
The orc hits you with a +2 short sword of electrocution.
You are electrocuted!
* * * LOW HITPOINT WARNING * * *
You closely miss the orc. The orc barely misses you.
You hit the orc.
The orc is lightly wounded.
The orc hits you but does no damage.
The orc hits you with a +2 short sword of electrocution.
* * * LOW HITPOINT WARNING * * *
You are electrocuted!
You die...

#.......#######
#.#####.#.....# , ,
#.#####.#.....# *
#.##..........##### * ,
#.##.##.#.....#...
#.##.##.#.....#.#####.# *
#.......###............# ,
#.##.##.#######.#####..###
# #........# #@...##....#
# #..#.##..# *
#o.........# # #.....#..#
.....###... # #.....#..#
...$.## #..########
#........#........#
#..#.......
##.......#........#
#..†.......
####)####.......##
#.##†...... #.# ##.......#
#.######### #.# #.. ,. #.#
#


You could see an orc.

Vanquished Creatures
  Jessica (D:2)
  An orc wizard (D:3)
  3 gnolls (D:2)
  An adder (D:3)
  5 orcs (D:3)
  4 endoplasms
  3 giant cockroaches
  2 goblins (D:1)
  5 hobgoblins
  2 jackals (D:3)
  2 quokkas
  A ball python (D:2)
  8 bats
  4 frilled lizards
  5 kobolds
  5 rats
52 creatures vanquished.

Notes
Turn   | Place    | Note
-------+----------+-------------------------------------------
     0 | D:1      | pikapanic the Deep Dwarf Fighter began the quest for the
                  | Orb.
     0 | D:1      | Reached XP level 1. HP: 20/20 MP: 1/1
   321 | D:1      | Reached XP level 2. HP: 21/27 MP: 2/2
   988 | D:2      | Noticed Jessica
   993 | D:2      | Killed Jessica
   994 | D:2      | Reached XP level 3. HP: 24/34 MP: 3/3
  1351 | D:2      | Reached skill level 1 in Dodging
  1351 | D:2      | Reached XP level 4. HP: 23/42 MP: 4/4
  1358 | D:2      | Reached skill level 4 in Shields
  1729 | D:3      | Reached XP level 5. HP: 26/49 MP: 4/4
  1783 | D:3      | Slain by an orc

Illustrated notes

Levels and vault maps discovered:
D:1:      dpeg_arrival_pond, layout_basic
D:2:      layout_basic, uniq_jessica
D:3:      layout_loops_cross, basic_ecumenical_altar

Skill      XL: |  1  2  3  4 |
---------------+-------------+-----
Fighting       | 3 |  3.1
Axes           | 3 |  3.7
Dodging        | 1 |  1.1
Shields        | 4 |  4.3
Armour         | |  3.8
Stealth        | |  0.6

Action                   |  1- 3 |  4- 6 || total
-------------------------+-------+-------++-------
Melee: War axe           |    90 |    84 ||   174
 Abil: Heal Wounds       |       |     1 ||     1
  Use: Scroll            |     3 |       ||     3
Armor: Scale mail        |    51 |    63 ||   114
Dodge: Dodged            |    30 |    36 ||    66
Block: Kite shield       |    72 |    41 ||   113
